Map: Coda LE (Void)

Players

NoCti - Winner!

  • Race: Terran Terran

Rheidizded - Winner!

  • Race: Terran Terran

FaerskFisk

  • Race: Terran Terran

AgCl

  • Race: Terran Terran

VOD

Have the link to the VOD?

Description

Time

  • Played on: May 1, 2015, 6:56 a.m.
  • Length: 17:26
Show
View Real Time Build Order
Export as new Build Order

NoCti Terran - Winner!

Build Orders: Reaper Expand, MMM Bio 

Get SALT Encoding   

  12  0:01  SCV  
  14  0:17  Supply Depot  
  14  0:18  SCV  
  14  0:30  SCV  
  15  0:41  Barracks  
  15  0:43  Refinery  
  15  0:45  SCV  
  16  0:57  SCV  
  17  1:09  SCV  
  19  1:29  Reaper, Orbital Command  
  19  1:45  Command Center  
  19  2:00  SCV  
  19  2:12  Factory  
  19  2:13  SCV  
  20  2:15  Supply Depot  
  20  2:23  Barracks Reactor  
  20  2:25  SCV  
  22  2:44  SCV  
  22  2:56  SCV  
  23  3:01  Marine x2  
  23  3:02  Hellion  
  25  3:14  Command Center  
  25  3:15  SCV  
  25  3:16  Orbital Command  
  27  3:27  SCV  
  26  3:34  Widow Mine x2  
  26  3:39  SCV  
  26  3:41  Starport  
  31  3:44  SCV  
  32  3:49  Refinery  
  32  3:51  SCV  
  33  3:56  SCV  
  33  3:57  Marine  
  35  4:04  SCV  
  35  4:08  SCV  
  37  4:16  SCV, Engineering Bay  
  38  4:17  Engineering Bay  
  38  4:20  SCV  
  38  4:22  Viking  
  40  4:27  Orbital Command  
  40  4:28  SCV  
  41  4:32  SCV  
  41  4:34  Barracks Tech Lab  
  42  4:40  SCV, Barracks  
  42  4:42  Barracks  
  42  4:44  Factory Reactor  
  43  4:46  SCV  
  42  4:53  Viking  
  42  4:58  Bunker  
  42  4:59  Refinery  
  44  5:00  SCV x2, Refinery  
  44  5:06  Marine  
  47  5:11  Terran Infantry Weapons Level 1  
  47  5:13  SCV x2  
  49  5:14  SCV  
  50  5:23  Marine  
  50  5:25  SCV  
  50  5:26  SCV  
  53  5:31  SCV  
  53  5:35  Marine x2  
  54  5:36  Terran Infantry Armor Level 1  
  54  5:38  SCV  
  54  5:41  SCV  
  54  5:42  Marauder  
  60  5:43  SCV  
  60  5:45  Supply Depot  
  60  5:48  Stimpack  
  61  5:50  Supply Depot  
  61  5:55  Barracks, Starport Reactor  
  61  5:56  Barracks  
  61  5:59  Factory Tech Lab  
  61  6:01  Supply Depot  
  61  6:06  SCV, Marine x4  
  64  6:13  Supply Depot x2  
  64  6:14  SCV x2  
  64  6:18  Siege Tank  
  69  6:20  SCV  
  69  6:22  Orbital Command  
  69  6:23  Marine  
  71  6:25  Marine  
  71  6:26  Marine  
  71  6:27  SCV, Marine  
  71  6:29  Marine  
  76  6:34  Medivac  
  76  6:36  Supply Depot  
  76  6:39  Armory  
  78  6:40  Medivac  
  78  6:41  SCV  
  78  6:45  Barracks Reactor x2, Armory  
  78  6:46  Marine  
  82  6:47  Marine x2  
  82  6:51  SCV x2  
  86  6:58  Marine  
  86  6:59  Siege Tank  
  90  7:09  SCV x3  
  90  7:11  Marine x2  
  90  7:12  Medivac x2  
  99  7:20  Marine x2  
  99  7:21  SCV x3  
  104  7:25  Supply Depot, Marine x5  
  104  7:26  Supply Depot  
  109  7:31  Barracks  
  109  7:32  Barracks  
  109  7:34  Barracks  
  109  7:45  Terran Infantry Weapons Level 2  
  109  7:47  SCV, Siege Tank, Marine x5  
  109  7:49  SCV x2  
  120  7:52  Refinery  
  120  7:53  Refinery  
  120  7:56  Marine x3  
  123  7:58  Combat Shields  
  123  7:59  SCV  
  123  8:04  Marine  
  125  8:14  Bunker  
  125  8:21  Marine  
  125  8:22  Marine x2  
  125  8:23  Marine  
  125  8:24  SCV, Marine  
  125  8:25  Marine  
  125  8:26  SCV, Medivac  
  125  8:28  SCV  
  125  8:30  Medivac  
  125  8:43  Barracks Reactor, Marine  
  125  8:44  Barracks Reactor x2, Marine  
  125  8:45  Marine  
  125  8:46  Siege Tank  
  125  8:57  Supply Depot  
  125  8:58  Supply Depot  
  125  8:59  Supply Depot  
  125  9:02  Missile Turret x2  
  125  9:03  Missile Turret  
  125  9:04  Missile Turret x2, Marine  
  125  9:05  Marine  
  125  9:07  Missile Turret  
  125  9:19  SCV x2, Medivac, Marine x4  
  125  9:20  SCV, Marine x2  
  135  9:24  Siege Tank  
  135  9:25  Marine x6  
  135  9:26  Factory  
  138  9:31  SCV  
  138  9:32  SCV x2, Barracks Reactor  
  138  9:36  Marine  
  138  9:37  Marine  
  141  9:40  Marine x2  
  141  9:43  Marine x2  
  141  9:44  SCV  
  141  9:45  Command Center  
  146  9:50  Medivac  
  146  9:51  Marine  
  149  9:56  Supply Depot, Terran Vehicle and Ship Weapons Level 1  
  149  9:57  Medivac, Marine x6  
  149  9:58  Supply Depot  
  149  9:59  Supply Depot x2  
  157  10:00  Supply Depot  
  157  10:15  Marine x2  
  157  10:17  Command Center  
  156  10:26  Marine x6  
  156  10:27  Medivac  
  164  10:28  Siege Tank  
  164  10:29  Siege Tank, Marine x4  
  164  10:30  Marine x4  
  164  10:32  Hi-Sec Auto Tracking  
  164  10:33  Marine  
  179  10:38  Missile Turret  
  179  10:40  Marine  
  179  10:44  Marine x4  
  179  10:47  Marine x2  
  185  10:52  Marine x2  
  185  10:56  Supply Depot  
  187  10:57  Missile Turret  
  187  10:58  Planetary Fortress  
  187  11:07  Marine x8  
  187  11:08  Marine x5  
  200  11:18  Terran Infantry Weapons Level 3  
  200  11:22  Marine x2  
  200  11:32  Planetary Fortress  
  200  11:37  Missile Turret  
  200  11:43  Missile Turret  
  200  11:44  Starport  
  200  11:45  Starport, Fusion Core  
  200  11:51  Terran Infantry Armor Level 2  
  200  12:02  Terran Vehicle and Ship Weapons Level 2  
  198  12:16  Marine x2  
  199  12:55  Command Center x3  
  185  13:06  Starport Tech Lab  
  185  13:07  Starport Tech Lab  
  185  13:08  Behemoth Reactor  
  185  13:12  Armory  
  185  13:18  Viking x2, Starport x2  
  173  13:48  Battlecruiser x2  
  173  13:55  Building Armor  
  178  13:59  Medivac x2  
  178  14:00  Command Center, Starport Tech Lab  
  178  14:02  Marine x4  
  183  14:03  Marine x5  
  183  14:04  Siege Tank x2  
  197  14:10  Refinery  
  197  14:11  Refinery  
  197  14:14  Orbital Command x3  
  197  14:18  Terran Vehicle and Ship Weapons Level 3  
  197  14:19  Terran Vehicle And Ship Armor Level 1  
  197  14:20  Marine x6  
  197  14:21  Marine  
  188  14:45  Medivac x2  
  190  14:49  Marine x2  
  190  14:50  Marine x4  
  192  15:23  Battlecruiser  
  192  15:24  Starport Tech Lab  
  192  15:28  Planetary Fortress  
  192  15:34  Neosteel Frame  
  185  15:49  Command Center  
  185  15:59  Viking x2  
  185  16:00  Battlecruiser  
  181  16:56  Marine x11  
  181  16:57  Marine x5  
Show
View Real Time Build Order
Export as new Build Order

Rheidizded Terran - Winner!

Build Orders: Reaper Expand, Bio Tank, MMM Bio 

Get SALT Encoding   

  12  0:02  SCV  
  13  0:14  SCV  
  14  0:22  Supply Depot  
  14  0:26  SCV  
  15  0:45  Barracks  
  15  0:48  SCV, Refinery  
  16  1:00  SCV, Supply Depot  
  17  1:12  SCV  
  18  1:31  Orbital Command  
  18  1:32  Reaper  
  19  1:58  Command Center  
  19  2:02  SCV  
  19  2:07  Reaper  
  20  2:14  SCV  
  21  2:27  SCV  
  22  2:30  Factory  
  22  2:46  SCV  
  22  2:47  Barracks Tech Lab  
  23  2:58  SCV  
  23  3:04  Barracks  
  23  3:05  Barracks  
  23  3:12  SCV, Orbital Command  
  24  3:24  SCV  
  24  3:26  Barracks Reactor  
  24  3:31  Refinery  
  24  3:38  Siege Tank  
  24  3:40  SCV x2  
  29  3:52  SCV  
  29  3:54  Marine x2  
  29  4:03  Marine  
  29  4:04  Marine  
  29  4:07  SCV  
  32  4:21  Marine  
  33  4:26  Barracks Tech Lab x2  
  33  4:28  SCV  
  33  4:29  SCV  
  35  4:35  Command Center  
  35  4:39  Supply Depot  
  35  4:40  SCV  
  35  4:41  SCV  
  37  4:52  SCV  
  38  4:59  Stimpack  
  38  5:00  SCV, Siege Tank, Marine x2  
  38  5:01  Supply Depot  
  38  5:04  SCV  
  38  5:05  Supply Depot  
  45  5:10  Marine  
  46  5:16  Combat Shields  
  46  5:17  Marine  
  46  5:18  SCV x2  
  49  5:24  Refinery  
  49  5:25  Refinery  
  49  5:26  Marine  
  49  5:27  Marine  
  51  5:30  SCV x2  
  51  5:31  Supply Depot, Engineering Bay  
  51  5:33  Supply Depot  
  53  5:40  Marauder x2  
  57  5:51  Siege Tank  
  57  5:52  Orbital Command  
  57  5:54  Marine  
  61  6:01  SCV x2  
  61  6:03  Marine  
  64  6:05  Terran Infantry Weapons Level 1  
  64  6:12  Marine  
  64  6:17  SCV x2  
  67  6:20  Orbital Command  
  67  6:21  Marauder x2  
  71  6:29  Starport  
  71  6:37  SCV x2  
  71  6:38  Marine x2  
  75  6:40  Concussive Shells  
  75  6:44  Siege Tank  
  78  6:49  SCV x2  
  80  6:54  SCV  
  80  6:57  Barracks  
  80  6:58  Marine  
  80  7:01  SCV x2  
  84  7:06  SCV  
  81  7:09  Marine  
  81  7:10  Marauder x2  
  81  7:13  SCV  
  81  7:14  Armory  
  81  7:15  SCV  
  87  7:18  SCV  
  87  7:19  Marine  
  89  7:25  SCV  
  89  7:27  SCV, Barracks  
  91  7:31  Starport Reactor  
  91  7:36  Supply Depot, Marine  
  92  7:37  Marauder x2  
  92  7:39  Supply Depot  
  92  7:40  Supply Depot  
  92  7:41  Siege Tank  
  92  7:44  Supply Depot  
  99  7:46  SCV x2  
  101  7:55  Supply Depot  
  101  7:58  SCV, Marine x2  
  104  7:59  Marauder x2  
  104  8:00  Terran Infantry Armor Level 1  
  104  8:02  Terran Vehicle and Ship Weapons Level 1  
  108  8:08  Medivac x2  
  112  8:17  Marine x2  
  106  8:26  Missile Turret  
  106  8:27  Missile Turret  
  106  8:28  Siege Tank  
  106  8:32  Marine  
  106  8:34  Marauder  
  102  8:38  Medivac  
  94  8:46  Medivac  
  86  8:53  Refinery  
  84  8:59  Missile Turret  
  84  9:00  Factory Tech Lab  
  84  9:01  Marine x2  
  86  9:06  SCV x3  
  89  9:16  Medivac  
  91  9:18  SCV x3  
  91  9:19  Marine x2  
  96  9:29  Sensor Tower  
  96  9:30  SCV x3  
  95  9:42  SCV x3  
  98  9:46  Marine x2  
  98  9:48  Siege Tank  
  103  9:53  Refinery, Starport Reactor  
  103  9:54  SCV x3, Refinery  
  103  9:57  Marine x2  
  108  10:06  SCV x3, Marine  
  112  10:18  SCV x2  
  112  10:19  SCV  
  112  10:20  Barracks Tech Lab  
  112  10:21  Barracks Tech Lab, Marine x2  
  114  10:23  Marine  
  117  10:30  SCV x2  
  117  10:31  SCV  
  117  10:33  Terran Vehicle and Ship Weapons Level 2  
  104  10:42  SCV  
  104  10:43  SCV x2  
  104  10:44  Marine x2  
  104  10:46  Marauder x3  
  114  10:55  SCV  
  114  10:56  Terran Infantry Weapons Level 2  
  115  11:00  Marauder  
  115  11:02  Viking, Marine x2  
  121  11:07  Viking, Marine  
  121  11:08  Command Center  
  121  11:09  Marine x2  
  121  11:10  Barracks  
  126  11:13  Barracks  
  126  11:20  Command Center, Marine x2  
  126  11:25  Thor  
  134  11:27  SCV x3  
  137  11:36  Medivac  
  137  11:37  Medivac  
  141  11:42  Supply Depot x2  
  141  12:01  Barracks Reactor  
  141  12:03  SCV x3, Marauder, Missile Turret, Marine x2  
  141  12:05  Supply Depot  
  141  12:08  Supply Depot, Drilling Claws  
  130  12:17  Refinery  
  130  12:19  Thor  
  130  12:21  Viking  
  137  12:27  Orbital Command  
  137  12:30  Barracks Reactor  
  137  12:32  Supply Depot  
  130  12:50  Terran Vehicle and Ship Weapons Level 3  
  125  12:54  Armory  
  125  12:55  Engineering Bay  
  125  12:58  Planetary Fortress  
  125  13:01  Refinery, Marine x4  
  129  13:06  SCV  
  129  13:07  SCV x2  
  132  13:25  Missile Turret, Medivac  
  132  13:26  Medivac  
  136  13:33  Starport  
  131  13:48  Siege Tank  
  130  13:49  Marauder x3  
  130  13:50  Marine x3, Marauder  
  139  13:55  Medivac  
  139  14:01  Marine  
  142  14:05  Viking  
  144  14:11  Starport, Marauder  
  144  14:12  Terran Infantry Weapons Level 3  
  144  14:16  Supply Depot  
  146  14:20  Engineering Bay  
  146  14:23  Marine x3  
  146  14:24  Marine x3  
  140  14:25  Viking  
  140  14:27  SCV  
  143  14:34  Marine x3  
  143  14:35  Viking  
  143  14:37  SCV  
  149  14:43  Refinery  
  149  14:45  Marine x3  
  150  14:46  Marine x2  
  150  14:50  Starport Reactor  
  154  14:55  Viking  
  154  14:56  Missile Turret  
  156  15:02  Terran Infantry Armor Level 2  
  154  15:07  Building Armor  
  154  15:09  Marine x2  
  154  15:10  Marine x2  
  150  15:25  Marine x3  
  150  15:26  Marauder x3  
  158  15:42  Supply Depot  
  158  15:44  Marauder  
  158  15:46  Marine x4  
  158  15:47  Marauder  
  159  16:02  SCV x3  
  162  16:05  Marine x4  
  162  16:06  SCV x2  
  164  16:14  SCV x3  
  167  16:32  Marine x4  
  169  16:33  Marine x2  
  169  16:34  Marauder x2  
  177  16:43  Supply Depot  
  177  16:45  Supply Depot  
Show
View Real Time Build Order
Export as new Build Order

FaerskFisk Terran 

Build Orders:  

Get SALT Encoding   

Show
View Real Time Build Order
Export as new Build Order

AgCl Terran 

Build Orders:  

Get SALT Encoding   

Tags
 
Add a new tag
Caveats
  • Supply blocks, unpowered buildings, or Contaminate may cause inaccurate times.
  • Supply counts are checked every 10 seconds.